SAAA
ATHLETIC CLUB KC RESERVES @ PORT ROYAL DISASTER
08/12/2029
 
TOP OF THE 1ST
Athletic Club KC Reserves batting - Pitching for Port Royal Disaster : RHP Félix Jiménez
Pitching: RHP Félix Jiménez
Batting: RHB Khal Drogo 0-0: Ball
1-0: Called Strike
1-1: Called Strike
1-2: Ball
2-2: Strikes out looking
Batting: RHB Tasuku Goto 0-0: Ball
1-0: Fly out, F3 (Popup, 3S)
Batting: LHB Wu-shun Chu 0-0: Swinging Strike
0-1: Called Strike
0-2: Ball
1-2: Strikes out swinging
Top of the 1st over - 0 runs, 0 hits, 0 errors, 0 left on base; Athletic Club KC 0 - Port Royal 0
BOTTOM OF THE 1ST
Port Royal Disaster batting - Pitching for Athletic Club KC Reserves : RHP Jeremy G. Wentworth
Pitching: RHP Jeremy G. Wentworth
Batting: LHB Ricky Payton 0-0: Swinging Strike
0-1: Ball
1-1: Ball
2-1: Ball
3-1: SINGLE (Line Drive, 34D)
Batting: RHB David McJannett 0-0: Ball
1-0: Called Strike
1-1: Ball
2-1: Foul Ball, location: 2F
2-2: Foul Ball, location: 2F
2-2: Ball
3-2: Foul Ball, location: 2F
3-2: Foul Ball, location: 2F
3-2: Foul Ball, location: 2F
3-2: Strikes out swinging
Batting: RHB Wrangler Haresnape 0-0: Ball
Ricky Payton is caught stealing 2nd base
1-0: Foul Ball, location: 2F
1-1: Foul Ball, location: 2F
1-2: Ground out 6-3 (Groundball, 6M)
Bottom of the 1st over - 0 runs, 1 hit, 0 errors, 0 left on base; Athletic Club KC 0 - Port Royal 0
TOP OF THE 2ND
Athletic Club KC Reserves batting - Pitching for Port Royal Disaster : RHP Félix Jiménez
Batting: LHB Tsai Ng 0-0: Called Strike
0-1: Ball
1-1: TRIPLE (Flyball, 78XD)
Batting: RHB Andrés Medina 0-0: Swinging Strike
0-1: Ball
1-1: Foul Ball, location: 2F
1-2: Foul Ball, location: 2F
1-2: Ball
2-2: Ball
3-2: Foul Ball, location: 2F
3-2: Strikes out swinging
Batting: RHB Dani Reyes 0-0: Fly out, F7 (Line Drive, 7)
Runner from 3rd tags up, SCORES, throw made
Batting: RHB Allen Williams 0-0: Foul Ball, location: 2F
0-1: Ball
1-1: Ball
2-1: Foul Ball, location: 2F
2-2: SINGLE (Flyball, 8LS)
Batting: RHB Geoff Rivers 0-0: Called Strike
0-1: Foul Ball, location: 2F
0-2: Foul Ball, location: 2F
0-2: Ball
1-2: Ball
2-2: Ball
3-2: Base on Balls
Allen Williams to second
Batting: LHB Héctor Barrios 0-0: Ball
1-0: SINGLE (Groundball, 34) (infield hit)
Allen Williams to third
Geoff Rivers to second
Batting: RHB Khal Drogo 0-0: Swinging Strike
0-1: Foul Ball, location: 2F
0-2: Strikes out looking
Top of the 2nd over - 1 run, 3 hits, 0 errors, 3 left on base; Athletic Club KC 1 - Port Royal 0
BOTTOM OF THE 2ND
Port Royal Disaster batting - Pitching for Athletic Club KC Reserves : RHP Jeremy G. Wentworth
Batting: RHB Brandon Cooper 0-0: Ball
1-0: Called Strike
1-1: Ball
2-1: Ball
3-1: Base on Balls
Batting: RHB Marvin Hunter 0-0: Ball
1-0: Swinging Strike
1-1: Swinging Strike
1-2: Foul Ball, location: 2F
1-2: Ball
2-2: Ground out 5-3 (Groundball, 56S)
Brandon Cooper to second
Batting: RHB Loren Stallings 0-0: Called Strike
0-1: Ball
1-1: Ground out 6-3 (Groundball, 6)
Batting: LHB António Quintero 0-0: Ball
1-0: Called Strike
1-1: Called Strike
1-2: Ball
2-2: SINGLE (Groundball, 5S) (infield hit)
Brandon Cooper to third
Batting: LHB Rubén López 0-0: Ball
1-0: Ball
2-0: Ball
3-0: Called Strike
3-1: Base on Balls
António Quintero to second
Batting: RHB Winston Sparks 0-0: Ball
1-0: Ball
2-0: Foul Ball, location: 2F
2-1: Foul Ball, location: 2F
2-2: Ball
3-2: Base on Balls
Brandon Cooper scores
António Quintero to third
Rubén López to second
Batting: LHB Ricky Payton 0-0: Called Strike
0-1: Ball
1-1: Swinging Strike
1-2: Ball
2-2: Foul Ball, location: 2F
2-2: Ball
3-2: Foul Ball, location: 2F
3-2: Foul Ball, location: 2F
3-2: Base on Balls
António Quintero scores
Rubén López to third
Winston Sparks to second
Batting: RHB David McJannett 0-0: Ball
1-0: Ball
2-0: Ball
3-0: Base on Balls
Rubén López scores
Winston Sparks to third
Ricky Payton to second
Batting: RHB Wrangler Haresnape 0-0: Fielders Choice at 2nd, 5-4 (Groundball, 5)
Bottom of the 2nd over - 3 runs, 1 hit, 0 errors, 3 left on base; Athletic Club KC 1 - Port Royal 3
TOP OF THE 3RD
Athletic Club KC Reserves batting - Pitching for Port Royal Disaster : RHP Félix Jiménez
Batting: RHB Tasuku Goto 0-0: Ball
1-0: Called Strike
1-1: Fly out, F7 (Flyball, 78S)
Now in LF: Nelson Abbey
Batting: LHB Wu-shun Chu 0-0: Ball
1-0: Ball
2-0: Fly out, F8 (Flyball, 89M)
Batting: LHB Tsai Ng 0-0: Ball
1-0: Ball
2-0: Ball
3-0: Called Strike
3-1: SINGLE (Groundball, 34D) (infield hit)
Batting: RHB Andrés Medina 0-0: Called Strike
0-1: Called Strike
0-2: Ball
1-2: Ball
2-2: DOUBLE (Line Drive, 78D)
Tsai Ng to third
Runner from 3rd tries for Home, SAFE, no throw
Batting: RHB Dani Reyes 0-0: Called Strike
0-1: Called Strike
0-2: Ball
1-2: Foul Ball, location: 2F
1-2: Strikes out swinging
Top of the 3rd over - 1 run, 2 hits, 0 errors, 1 left on base; Athletic Club KC 2 - Port Royal 3
BOTTOM OF THE 3RD
Port Royal Disaster batting - Pitching for Athletic Club KC Reserves : RHP Jeremy G. Wentworth
Batting: RHB Brandon Cooper 0-0: Called Strike
0-1: Ball
1-1: Ground out 5-3 (Groundball, 56S)
Batting: RHB Nelson Abbey 0-0: Ball
1-0: Ball
2-0: Ball
3-0: Called Strike
3-1: Foul Ball, location: 2F
3-2: Foul Ball, location: 2F
3-2: Fly out, F7 (Flyball, 78S)
Batting: RHB Loren Stallings 0-0: Called Strike
0-1: Fly out, F6 (Line Drive, 6M)
Bottom of the 3rd over - 0 runs, 0 hits, 0 errors, 0 left on base; Athletic Club KC 2 - Port Royal 3
TOP OF THE 4TH
Athletic Club KC Reserves batting - Pitching for Port Royal Disaster : RHP Félix Jiménez
Batting: RHB Allen Williams 0-0: Ball
1-0: Swinging Strike
1-1: Called Strike
1-2: Strikes out looking
Batting: RHB Geoff Rivers 0-0: Foul Ball, location: 2F
0-1: Ball
1-1: Swinging Strike
1-2: Foul Ball, location: 2F
1-2: Strikes out swinging
Batting: LHB Héctor Barrios 0-0: Ball
1-0: Ball
2-0: Fly out, F7 (Flyball, 7LS)
Top of the 4th over - 0 runs, 0 hits, 0 errors, 0 left on base; Athletic Club KC 2 - Port Royal 3
BOTTOM OF THE 4TH
Port Royal Disaster batting - Pitching for Athletic Club KC Reserves : RHP Jeremy G. Wentworth
Batting: LHB António Quintero 0-0: Ball
1-0: SINGLE (Line Drive, 8RS)
Pitching: RHP Greg Patterson
Batting: LHB Rubén López 0-0: Ball
1-0: Ball
2-0: 2-RUN HOME RUN (Flyball, 7LD), Distance : 337 ft
Batting: RHB Winston Sparks 0-0: Foul Ball, location: 2F
0-1: Ball
1-1: Swinging Strike
1-2: Ball
2-2: Foul Ball, location: 2F
2-2: Ground out 6-3 (Groundball, 6)
Batting: LHB Ricky Payton 0-0: Ball
1-0: Ball
2-0: Ball
3-0: Base on Balls
Batting: RHB David McJannett 0-0: Ball
1-0: Ball
2-0: Ball
3-0: Called Strike
3-1: Foul Ball, location: 2F
3-2: SINGLE (Line Drive, 3D)
Ricky Payton to second
Batting: RHB Wrangler Haresnape 0-0: Ball
1-0: Ball
2-0: Fly out, F8 (Flyball, 8RD)
Batting: RHB Brandon Cooper 0-0: Ball
1-0: Swinging Strike
1-1: Ball
2-1: Ball
3-1: Foul Ball, location: 2F
3-2: SINGLE (Popup, 3D)
Ricky Payton to third
David McJannett to second
Ricky Payton scores
David McJannett to third
Batting: RHB Nelson Abbey 0-0: Foul Ball, location: 2F
0-1: Ball
1-1: Ball
2-1: Fly out, F8 (Flyball, 8RD)
Bottom of the 4th over - 3 runs, 4 hits, 0 errors, 2 left on base; Athletic Club KC 2 - Port Royal 6
TOP OF THE 5TH
Athletic Club KC Reserves batting - Pitching for Port Royal Disaster : RHP Félix Jiménez
Batting: RHB Khal Drogo 0-0: Ball
1-0: Called Strike
1-1: Swinging Strike
1-2: Strikes out looking
Batting: RHB Tasuku Goto 0-0: Called Strike
0-1: Ball
1-1: Ball
2-1: Called Strike
2-2: Strikes out swinging
Batting: LHB Wu-shun Chu 0-0: Ball
1-0: Fly out, F9 (Flyball, 89M)
Top of the 5th over - 0 runs, 0 hits, 0 errors, 0 left on base; Athletic Club KC 2 - Port Royal 6
BOTTOM OF THE 5TH
Port Royal Disaster batting - Pitching for Athletic Club KC Reserves : RHP Greg Patterson
Batting: RHB Loren Stallings 0-0: Foul Ball, location: 2F
0-1: Ball
1-1: Ball
2-1: SINGLE (Line Drive, 4D)
Batting: LHB António Quintero 0-0: Called Strike
0-1: Bunt missed!
0-2: SINGLE (Line Drive, 6) (infield hit)
Loren Stallings to second
Batting: LHB Rubén López 0-0: Foul Ball, location: 2F
0-1: SINGLE (Line Drive, 4D)
Loren Stallings to third
António Quintero to second
Batting: RHB Winston Sparks 0-0: Called Strike
0-1: Ball
1-1: Ball
2-1: Ball
3-1: Base on Balls
Loren Stallings scores
António Quintero to third
Rubén López to second
Batting: LHB Ricky Payton 0-0: Grounds into double play, 4-6-3 (Groundball, 4)
António Quintero scores
Rubén López to third
Batting: RHB David McJannett 0-0: Ground out 4-3 (Groundball, 4)
Bottom of the 5th over - 2 runs, 3 hits, 0 errors, 1 left on base; Athletic Club KC 2 - Port Royal 8
TOP OF THE 6TH
Athletic Club KC Reserves batting - Pitching for Port Royal Disaster : RHP Félix Jiménez
Batting: LHB Tsai Ng 0-0: Ball
1-0: Ball
2-0: Fly out, F5 (Line Drive, 56)
Batting: RHB Andrés Medina 0-0: Ball
1-0: Ball
2-0: Foul Ball, location: 2F
2-1: Ball
3-1: Base on Balls
Pitching: RHP Joe Griffin
Batting: RHB Dani Reyes 0-0: Ball
1-0: Ground out 4-3 (Groundball, 4M)
Andrés Medina to second
Batting: RHB Allen Williams 0-0: Swinging Strike
0-1: Ground out 6-3 (Groundball, 6)
Top of the 6th over - 0 runs, 0 hits, 0 errors, 1 left on base; Athletic Club KC 2 - Port Royal 8
BOTTOM OF THE 6TH
Port Royal Disaster batting - Pitching for Athletic Club KC Reserves : RHP Greg Patterson
Batting: RHB Wrangler Haresnape 0-0: Ball
1-0: Ball
2-0: Ball
3-0: Base on Balls
Batting: RHB Brandon Cooper 0-0: Called Strike
0-1: Ball
1-1: Foul Ball, location: 2F
1-2: Ball
2-2: Fly out, F8 (Flyball, 89M)
Batting: RHB Nelson Abbey 0-0: Ball
1-0: Swinging Strike
1-1: Foul Ball, location: 2F
1-2: Ball
2-2: Foul Ball, location: 2F
2-2: Strikes out swinging
Batting: RHB Loren Stallings 0-0: Ball
1-0: Ground out 3-1 (Groundball, 34S)
Bottom of the 6th over - 0 runs, 0 hits, 0 errors, 1 left on base; Athletic Club KC 2 - Port Royal 8
TOP OF THE 7TH
Athletic Club KC Reserves batting - Pitching for Port Royal Disaster : RHP Joe Griffin
Batting: RHB Geoff Rivers 0-0: Ball
1-0: Swinging Strike
1-1: Foul Ball, location: 2F
1-2: Foul Ball, location: 2F
1-2: Fly out, F7 (Flyball, 7LM)
Batting: LHB Héctor Barrios 0-0: Called Strike
0-1: Ball
1-1: Ball
2-1: SINGLE (Flyball, 34D)
Batting: RHB Khal Drogo 0-0: Called Strike
0-1: Ball
1-1: Ball
2-1: Ball
3-1: Swinging Strike
3-2: Base on Balls
Héctor Barrios to second
Batting: RHB Tasuku Goto 0-0: Called Strike
0-1: Foul Ball, location: 2F
0-2: Fielders Choice at 3rd, U5 (Groundball, 5L)
Khal Drogo to second
Batting: LHB Wu-shun Chu 0-0: Swinging Strike
0-1: Swinging Strike
0-2: Ball
1-2: Strikes out swinging
Top of the 7th over - 0 runs, 1 hit, 0 errors, 2 left on base; Athletic Club KC 2 - Port Royal 8
BOTTOM OF THE 7TH
Port Royal Disaster batting - Pitching for Athletic Club KC Reserves : RHP Greg Patterson
Batting: LHB António Quintero 0-0: Ball
1-0: SINGLE (Groundball, 56) (infield hit)
Pitching: RHP Dempster Kelly
Batting: LHB Rubén López 0-0: Called Strike
António Quintero steals 2nd base
0-1: Ball
1-1: Foul Ball, location: 2F
1-2: Foul Ball, location: 2F
1-2: Foul Ball, location: 2F
1-2: Ground out U3 (Groundball, 34)
António Quintero to third
Batting: RHB Winston Sparks 0-0: Swinging Strike
0-1: Ball
1-1: Foul Ball, location: 2F
1-2: Ground out 6-3 (Groundball, 6)
António Quintero scores
Batting: LHB Ricky Payton 0-0: Called Strike
0-1: Foul Ball, location: 2F
0-2: Ball
1-2: Foul Ball, location: 2F
1-2: Ball
2-2: Fly out, F8 (Flyball, 8LM)
Bottom of the 7th over - 1 run, 1 hit, 0 errors, 0 left on base; Athletic Club KC 2 - Port Royal 9
TOP OF THE 8TH
Athletic Club KC Reserves batting - Pitching for Port Royal Disaster : RHP Joe Griffin
Batting: LHB Tsai Ng 0-0: Ball
1-0: Foul Ball, location: 2F
1-1: Fly out, F7 (Flyball, 78M)
Batting: RHB Andrés Medina 0-0: Ground out 6-3 (Groundball, 6M)
Batting: RHB Dani Reyes 0-0: Called Strike
0-1: Ground out 6-3 (Groundball, 56D)
Top of the 8th over - 0 runs, 0 hits, 0 errors, 0 left on base; Athletic Club KC 2 - Port Royal 9
BOTTOM OF THE 8TH
Port Royal Disaster batting - Pitching for Athletic Club KC Reserves : RHP Dempster Kelly
Batting: RHB David McJannett 0-0: Called Strike
0-1: Ball
1-1: Ball
2-1: Ball
3-1: Base on Balls
Batting: RHB Wrangler Haresnape 0-0: Ball
David McJannett steals 2nd base
1-0: Foul Ball, location: 2F
1-1: Ball
2-1: Ball
3-1: Foul Ball, location: 2F
3-2: Base on Balls
Batting: RHB Brandon Cooper 0-0: Ball
1-0: Foul Ball, location: 2F
1-1: Ball
2-1: Ball
3-1: Base on Balls
David McJannett to third
Wrangler Haresnape to second
Batting: RHB Nelson Abbey 0-0: Called Strike
0-1: Ball
1-1: Grounds into double play, 6-4-3 (Groundball, 6)
David McJannett scores
Wrangler Haresnape to third
Batting: RHB Loren Stallings 0-0: Ball
1-0: Ball
2-0: Ground out 6-3 (Groundball, 6)
Bottom of the 8th over - 1 run, 0 hits, 0 errors, 1 left on base; Athletic Club KC 2 - Port Royal 10
TOP OF THE 9TH
Athletic Club KC Reserves batting - Pitching for Port Royal Disaster : RHP Joe Griffin
Batting: RHB Allen Williams 0-0: Ball
1-0: Called Strike
1-1: Foul Ball, location: 2F
1-2: Foul Ball, location: 2F
1-2: Ground out 5-3 (Groundball, 5)
Batting: RHB Geoff Rivers 0-0: Swinging Strike
0-1: Foul Ball, location: 2F
0-2: Foul Ball, location: 2F
0-2: Ball
1-2: Ball
2-2: Ball
3-2: Fly out, F8 (Flyball, 8RXD)
Batting: LHB Héctor Barrios 0-0: Ball
1-0: Called Strike
1-1: Swinging Strike
1-2: Ball
2-2: Ball
3-2: Ground out 1-3 (Groundball, 13S)
Top of the 9th over - 0 runs, 0 hits, 0 errors, 0 left on base; Athletic Club KC 2 - Port Royal 10
Tuesday, December 19th, 2017 - OOTP Baseball 18.8 Build 76